 Dungeon Crawl Stone Soup version 0.31.0-32-g396128a36d (webtiles) character file.

Game seed: 5853822707090557984

11837 Egg the Thaumaturge (level 11, -8/71 HPs)
             Began as an Octopode Alchemist on Mar 22, 2024.
             Was an Initiate of Gozag.
             Mangled by a freezing wraith (11 damage)
             ... on level 9 of the Dungeon.
             The game lasted 00:42:36 (11083 turns).

Egg the Thaumaturge (Octopode Alchemist)           Turns: 11083, Time: 00:42:38

Health: -8/71      AC:  1    Str:  7    XL:     11   Next: 84%
Magic:  3/26       EV: 13    Int: 23    God:    Gozag
Gold:   1554       SH:  0    Dex: 12    Spells: 14/32 levels left

rFire   . . .        K - +2 scimitar (flame)
rCold   + . .        (no shield)
rNeg    . . .        (helmet restricted)
rPois   .            y - amulet of magic regeneration
rElec   .            v - ring of flight
rCorr   .            J - ring of protection from cold
SInv    .            (no ring)
Will    .....        (no ring)
Stlth   +++          (no ring)
HPRegen 0.31/turn    (no ring)
MPRegen 0.60/turn    (no ring)
                     (no ring)

%: no passive effects
@: flying
A: almost no armour, amphibious, 8 rings, camouflage 1, gelatinous body 1,
(nimble swimmer 1), tentacles
a: Renounce Religion, Potion Petition, Call Merchant, Bribe Branch


You were on level 9 of the Dungeon.
You worshipped Gozag.
Gozag was most pleased with you.
You visited 1 branch of the dungeon, and saw 11 of its levels.
You also visited: Sewer and Ossuary.

You collected 1660 gold pieces.
You paid 106 gold pieces to Gozag.

Inventory:

Hand Weapons
 F - a +1 great sword
 K - a +2 scimitar of flaming (weapon)
 L - a +2 scimitar of freezing
Magical Staves
 b - a staff of cold
Jewellery
 v - a ring of flight (left tentacle)
 y - an amulet of magic regeneration (around mantle)
 E - an amulet of reflection
 J - a ring of protection from cold (right tentacle)
Talismans
 M - the serpent talisman of Dyfil {MP+9 Int+3}
   (You found it on level 11 of the Dungeon)

   [serpent talisman]

   Int+3:     It affects your intelligence (+3).
   MP+9:      It affects your magic capacity (+9).
Wands
 C - a wand of polymorph (4)
 D - a wand of flame (46)
 G - a wand of iceblast (1)
 I - a wand of acid (5)
Scrolls
 e - 5 scrolls of enchant armour
 f - a scroll of torment
 g - a scroll of noise
 h - 3 scrolls of blinking {unknown}
 i - a scroll of immolation
 j - 5 scrolls of teleportation
 l - 5 scrolls of revelation {unknown}
 m - 2 scrolls of brand weapon {unknown}
 n - 3 scrolls of enchant weapon {unknown}
 t - 2 scrolls of identify
 B - 3 scrolls of poison {unknown}
 H - a scroll of silence {unknown}
 N - a scroll of fog {unknown}
Potions
 a - 3 potions of magic
 c - 3 potions of brilliance
 d - a potion of cancellation
 k - a potion of invisibility
 o - a potion of might
 p - 4 potions of curing
 q - a potion of heal wounds
 r - 2 potions of attraction
 s - 6 potions of enlightenment
 u - 3 potions of resistance
 w - 2 potions of haste {unknown}
 x - a potion of ambrosia {unknown}
 z - a potion of berserk rage {unknown}
 A - 5 potions of mutation {unknown}


   Skills:
 - Level 5.0 Fighting
 - Level 2.0 Dodging
 - Level 2.6 Stealth
 - Level 11.0 Spellcasting
 - Level 5.0 Conjurations
 - Level 5.0 Necromancy
 - Level 5.0 Fire Magic
 - Level 5.0 Ice Magic
 - Level 8.0 Alchemy
 * Level 5.1 Shapeshifting


You had 14 spell levels left.
You knew the following spells:

 Your Spells              Type           Power      Damage    Failure   Level
a - Sting                 Conj/Alch      100%       1d9       1%          1
b - Olgreb's Toxic Radia  Alch           49%        N/A       1%          4
c - Sticky Flame          Fire/Alch      42%        2d8       3%          4
d - Vampiric Draining     Necr           35%        2d8       1%          3
e - Frozen Ramparts       Ice            70%        1d11      1%          3
f - Hailstorm             Conj/Ice       35%        3d8       1%          3

Your spell library contained the following spells:

 Spells                   Type           Power      Damage    Failure   Level
 Freeze                   Ice            100%       1d10      1%          1
 Necrotise                Necr           100%       1d9       1%          1
 Mercury Vapours          Alch/Air       62%        N/A       1%          2
 Ensorcelled Hibernation  Hex/Ice        48%        N/A       2%          2
 Mephitic Cloud           Conj/Alch/Air  32%        N/A       2%          3
 Passwall                 Erth           12%        N/A       16%         3
 Swiftness                Air            12%        N/A       16%         3
 Martyr's Knell           Necr/Summ      24%        N/A       19%         4
 Curse of Agony           Necr           35%        N/A       19%         5
 Passage of Golubria      Tloc           12%        N/A       45%         4
 Silence                  Hex/Air        6%         N/A       80%         5
 Lehudib's Crystal Spear  Conj/Erth      12%        10d4      100%        8


Dungeon Overview and Level Annotations

Branches:
Dungeon (11/15)            Temple (0/1) D:6           Sewer (visited)
Ossuary (visited)
   Lair: D:8-11         Orc: D:9-12

Altars:
Ashenzari
Cheibriados
Fedhas
Gozag
Nemelex Xobeh
Vehumet
Wu Jian
Yredelemnul
Zin
Lugonu

Portals:
Abyss: D:3

Annotations:
D:5 1 runed translucent door, Silvore's ghost, novice MiFi
D:10 Urug


Innate Abilities, Weirdness & Mutations

You cannot wear most types of armour.
You are amphibious.
You can wear up to eight rings at the same time.
Your skin changes colour to match your surroundings (Stealth+).
Your rubbery body absorbs attacks. (AC +1, EV +1)
((You are camouflaged when in or above water. (Stealth+)))
You have tentacles for arms and can constrict up to eight enemies at once.


Message History

Press: ? - help, Shift-Dir - straight line, f/p - freezing wraith
Aim: a freezing wraith (lightly damaged, unstickable)
The sticky flame hits the freezing wraith!
The freezing wraith is burned terribly!
The freezing wraith is heavily damaged.
The freezing wraith is distracted by your dazzling golden aura.
Casting: Sticky Flame (dangerous; 3% risk of failure)
Confirm with . or Enter, or press ? or * to list all spells.
Aiming: Sticky Flame (dangerous; 3% risk of failure)
Press: ? - help, Shift-Dir - straight line, f/p - freezing wraith
Aim: a freezing wraith (heavily damaged, unaware, hasn't noticed you, unstickable)
The sticky flame hits the freezing wraith but does no damage.
The freezing wraith is heavily damaged.
The freezing wraith is no longer distracted by gold.
The freezing wraith barely misses you. The freezing wraith hits you.
You slash the freezing wraith! You burn the freezing wraith.
The freezing wraith is severely damaged.
The centaur looks more healthy.
The freezing wraith hits you! The freezing wraith freezes you! You resist.
The freezing wraith closely misses you.
You feel much better. The freezing wraith hits you!
The freezing wraith freezes you! You resist.
The freezing wraith completely misses you.
You feel much better.
The freezing wraith hits you but does no damage.
The freezing wraith hits you.
You hit the freezing wraith. You burn the freezing wraith.
You squeeze the freezing wraith, but do no damage.
The freezing wraith is almost destroyed.
The freezing wraith hits you!
* * * LOW HITPOINT WARNING * * *
The freezing wraith freezes you! You resist.
* * * LOW HITPOINT WARNING * * *
The freezing wraith misses you. The freezing wraith hits you.
* * * LOW HITPOINT WARNING * * *
The freezing wraith freezes you. You resist.
* * * LOW HITPOINT WARNING * * *
The freezing wraith hits you!
You die...
Your body crumbles into a pile of gold.

#.#...).......
########.#.#.)......#
#......#.#....).....#
##.###.#.#....#####.#
##.###.#.#........#..
#......#.#....###.# #
##.#.###.#....))#.#
#.#.# #.#...##.#.##.
#.#@# #.#......)....
#.#W# #.#..###)#)##.
#.#c# #.#......#.#
#.#.# #.#......#.#
#.#.# #.#......#.##.
#<#.# #.#..###.#.##.
#.#.# #.#........##.
#.#.# #.#...#.....#.
#.#.# #.#...#.....#.


You could see a freezing wraith and a centaur.

Vanquished Creatures
  Erica (D:8)
  A cyclops (D:8)
  An ugly thing (D:11)
  A troll (D:9)
  A polar bear (D:8)
  2 hornets (D:7)
  Grinder (D:3)
  A slime creature (D:8)
  Sigmund (D:3)
  13 yaks
  3 wyverns
  3 steam dragons
  A basilisk (D:8)
  2 vampire mosquitoes (D:10)
  Edmund (D:5)
  An acid dragon (D:8)
  2 water moccasins
  Duvessa (D:5)
  2 orc warriors (D:8)
  5 ice beasts
  A black bear (D:6)
  A sky beast (D:8)
  2 ogres
  A wolf (D:8)
  4 centaurs
  4 phantoms
  3 bullfrogs (D:8)
  4 kobold brigands
  A gnoll sergeant (D:8)
  11 scorpions
  15 wights
  Dowan (D:5)
  A killer bee (D:9)
  A howler monkey (D:8)
  3 electric eels (D:8)
  A bombardier beetle (D:6)
  A crimson imp (D:7)
  3 centaur zombies (Ossuary)
  2 hounds (D:5)
  A wyvern simulacrum (D:8)
  13 jellies
  2 gnoll boudas
  2 human zombies (Ossuary)
  4 orc priests
  A scorpion zombie (Ossuary)
  5 iguanas
  5 orc wizards
  3 mummies (Ossuary)
  Robin (D:3)
  17 gnolls
  11 adders
  5 river rats (Sewer)
  A shadow imp (D:7)
  4 white imps
  2 howler monkey simulacra (D:8)
  5 ufetubi
  An adder zombie (Ossuary)
  A dart slug (D:3)
  3 ribbon worms (Sewer)
  19 orcs
  4 bats
  24 endoplasms
  2 giant cockroaches
  2 gnoll zombies (Ossuary)
  17 goblins
  10 hobgoblins
  2 jackals (D:3)
  10 quokkas
  7 ball pythons
  2 ball python zombies (Ossuary)
  4 frilled lizards
  2 jackal zombies (Ossuary)
  12 kobolds
  An orc zombie (Ossuary)
  A quokka zombie (D:4)
  13 rats
  A rat zombie (D:4)
324 creatures vanquished.

Notes
Turn   | Place    | Note
-------+----------+-------------------------------------------
     0 | D:1      | Egg the Octopode Alchemist began the quest for the Orb.
     0 | D:1      | Reached XP level 1. HP: 11/11 MP: 3/3
   151 | D:1      | Reached XP level 2. HP: 17/17 MP: 5/5
   640 | D:1      | Reached XP level 3. HP: 21/21 MP: 6/6
  1158 | D:2      | Reached skill level 5 in Alchemy
  1233 | D:2      | Found a radiant altar of Vehumet.
  1666 | D:3      | Reached XP level 4. HP: 27/27 MP: 3/7
  1672 | D:3      | Learned a level 4 spell: Olgreb's Toxic Radiance
  1767 | D:3      | Found a glowing drain.
  1790 | Sewer    | Entered a sewer
  1999 | Sewer    | Noticed a kobold brigand
  2021 | Sewer    | Killed a kobold brigand
  2022 | Sewer    | Reached XP level 5. HP: 16/31 MP: 1/8
  2323 | Sewer    | Noticed a kobold brigand
  2330 | Sewer    | Killed a kobold brigand
  2331 | Sewer    | Reached XP level 6. HP: 20/36 MP: 0/9
  2882 | Sewer    | Reached skill level 1 in Fire Magic
  3002 | D:3      | Noticed Grinder
  3038 | D:2      | Learned a level 4 spell: Sticky Flame
  3171 | D:3      | Killed Grinder
  3172 | D:3      | Reached XP level 7. HP: 28/41 MP: 1/10
  3274 | D:3      | Found a large runed translucent door.
  3276 | D:3      | Found a large runed translucent door.
  3276 | D:3      | Found a corrupted altar of Lugonu.
  3354 | D:3      | Noticed Robin
  3360 | D:3      | Killed Robin
  3374 | D:3      | Found a one-way gate to the infinite horrors of the Abyss.
  3605 | D:3      | Noticed Sigmund
  3614 | D:3      | Killed Sigmund
  3615 | D:3      | Reached skill level 5 in Fire Magic
  3615 | D:3      | Reached skill level 1 in Fighting
  3769 | D:3      | Found a faded altar of an unknown god.
  3816 | D:3      | Reached XP level 8. HP: 42/50 MP: 2/11
  4059 | D:4      | Found an ornate altar of the Wu Jian Council.
  4096 | D:4      | Found a sand-covered staircase.
  4103 | Ossuary  | Entered an ossuary
  4390 | Ossuary  | Reached skill level 5 in Fighting
  4499 | Ossuary  | Reached skill level 3 in Spellcasting
  4504 | Ossuary  | Reached skill level 4 in Spellcasting
  4985 | D:4      | Reached skill level 5 in Spellcasting
  4985 | D:4      | Reached XP level 9. HP: 49/61 MP: 8/16
  5164 | D:4      | Learned a level 3 spell: Vampiric Draining
  5583 | D:5      | Entered Level 5 of the Dungeon
  5588 | D:5      | Noticed Edmund
  5600 | D:5      | Killed Edmund
  5601 | D:5      | Reached skill level 6 in Spellcasting
  5601 | D:5      | Reached skill level 1 in Necromancy
  5619 | D:5      | Found a runed translucent door.
  5631 | D:5      | Noticed Silvore's ghost (novice MiFi)
  5865 | D:5      | Noticed Duvessa
  5868 | D:5      | Noticed Dowan
  5874 | D:5      | Killed Dowan
  5875 | D:5      | Killed Duvessa
  6637 | D:6      | Reached skill level 5 in Necromancy
  6638 | D:6      | Reached skill level 1 in Ice Magic
  6643 | D:6      | Learned a level 3 spell: Frozen Ramparts
  6933 | D:6      | Found a blossoming altar of Fedhas.
  6935 | D:6      | Found an opulent altar of Gozag.
  6942 | D:6      | Found a sparkling altar of Nemelex Xobeh.
  6944 | D:6      | Found a radiant altar of Vehumet.
  6947 | D:6      | Became a worshipper of Gozag Ym Sagoz the Greedy
  7030 | D:6      | Reached XP level 10. HP: 64/66 MP: 8/19
  7036 | D:6      | Reached skill level 5 in Ice Magic
  7042 | D:6      | Found a snail-covered altar of Cheibriados.
  7043 | D:6      | Found a broken altar of Ashenzari.
  7047 | D:6      | Found a basalt altar of Yredelemnul.
  7099 | D:6      | Found a glowing silver altar of Zin.
  7206 | D:6      | Found a staircase to the Ecumenical Temple.
  7555 | D:7      | HP: 2/66 [white imp/puff of frost (12)]
  7948 | D:7      | Reached skill level 5 in Conjurations
  8471 | D:8      | Reached skill level 7 in Spellcasting
  8866 | D:8      | Noticed Erica
  8874 | D:8      | Killed Erica
  8875 | D:8      | Reached skill level 8 in Spellcasting
  9028 | D:8      | Reached skill level 9 in Spellcasting
  9056 | D:8      | Reached XP level 11. HP: 43/71 MP: 20/24
  9381 | D:8      | Noticed a cyclops
  9400 | D:8      | Reached skill level 10 in Spellcasting
  9401 | D:8      | Killed a cyclops
  9691 | D:8      | You are sucked into a shaft and drop 3 floors!
  9693 | D:11     | Noticed a red ugly thing
  9702 | D:11     | Killed a red ugly thing
  9710 | D:11     | Identified the serpent talisman of Dyfil {MP+9 Int+3}
  9816 | D:10     | Entered Level 10 of the Dungeon
  9832 | D:10     | Reached skill level 11 in Spellcasting
  9833 | D:10     | Reached skill level 1 in Shapeshifting
  9849 | D:10     | Noticed Urug
 10594 | D:9      | Learned a level 3 spell: Hailstorm
 11054 | D:9      | Reached skill level 5 in Shapeshifting
 11083 | D:9      | HP: 3/71 [freezing wraith (5)]
 11083 | D:9      | Mangled by a freezing wraith

Illustrated notes

Levels and vault maps discovered:
D:1:      minmay_arrival_wavy_path, layout_loops_ring
D:2:      layout_basic, basic_altar
D:3:      due_chaos_kobolds, layout_basic, hellmonk_ecumenical_altar_blasted,
          gup_sewer_entry_spiral, uniq_sigmund, uniq_grinder, uniq_robin
D:4:      layout_cave_pods, mainiacjoe_overflow_chevrons, enter_ossuary_4
D:5:      layout_basic, ebering_ghost_reflecting_pool, uniq_edmund, uniq_duvessa
D:6:      layout_rooms, nicolae_overflow_hallway_of_the_gods,
          minmay_temple_entry_statues_fountains, minmay_misc_feat_rows
D:7:      layout_basic, minmay_fire_ice_demons
D:8:      lemuel_slime, layout_rooms, serial_ice, serial_ice_i, serial_ice_a,
          serial_ice_c, serial_ice_f, serial_ice_n, serial_ice_e, serial_ice_o,
          serial_ice_h, serial_ice_d, serial_ice_b, minmay_joined_circles,
          uniq_erica
D:9:      layout_basic, erik_lair_orcish_takeover, minmay_pinched_square
D:10:     layout_basic, jmf_multi_god_temple2, minivault_23,
          minmay_crystal_room, chequers_serial_rivers_large_b,
          nicolae_transporter_circle, uniq_maurice, uniq_urug
D:11:     layout_loops_cross

Skill      XL: |  1  2  3  4  5  6  7  8  9 10 11 |
---------------+----------------------------------+-----
Alchemy        | 4 5 6 7 8 |  8.0
Fire Magic     | 3 5 |  5.0
Fighting       | 2 5 |  5.0
Spellcasting   | 5 6 9 11 | 11.0
Necromancy     | 5 |  5.0
Ice Magic      | 4 5 |  5.0
Conjurations   | 5 |  5.0
Shapeshifting  | 5 |  5.1
Dodging        | |  2.0
Stealth        | |  2.6

Action                     |  1- 3 |  4- 6 |  7- 9 | 10-12 || total
---------------------------+-------+-------+-------+-------++-------
  Melee: Club              |    39 |       |       |       ||    39
         Constrict         |    19 |     8 |    34 |    10 ||    71
         Unarmed           |     3 |       |       |       ||     3
         Tentacles         |    10 |    11 |    26 |    13 ||    60
         War axe           |    15 |    30 |    84 |       ||   129
         Dagger            |    11 |       |       |       ||    11
         Punch             |       |     1 |     2 |     1 ||     4
         Flail             |       |       |    20 |       ||    20
         Great sword       |       |       |     2 |    28 ||    30
         Scimitar          |       |       |       |    52 ||    52
   Cast: Sting             |    15 |     2 |    11 |     7 ||    35
         Olgreb's Toxic Ra |       |    19 |    56 |    65 ||   140
         Sticky Flame      |       |     2 |    18 |    44 ||    64
         Frozen Ramparts   |       |       |       |    15 ||    15
         Vampiric Draining |       |       |       |    10 ||    10
         Hailstorm         |       |       |       |     4 ||     4
  Evoke: Wand              |       |       |     1 |     3 ||     4
    Use: Potion            |       |     4 |     1 |     3 ||     8
         Scroll            |       |       |     7 |     2 ||     9
   Stab: Sleeping          |     8 |     4 |     6 |     2 ||    20
         Invisible         |       |     1 |       |       ||     1
 Armour: Skin              |    38 |    22 |    91 |   105 ||   256
  Dodge: Dodged            |    47 |    13 |   108 |    89 ||   257
  Block: Other             |       |       |       |     1 ||     1
